 Dungeon Crawl Stone Soup version 0.31-b1-18-g61460d1e46 (webtiles) character file.

Game seed: 5493642440724294744

15 NamelessAdventurer the Twirler (level 2, -1/25 HPs)
             Began as a Draconian Gladiator on Jan 17, 2024.
             Killed from afar by Sigmund (4 damage)
             ... with a magic dart
             ... on level 2 of the Dungeon.
             The game lasted 00:01:36 (369 turns).

NamelessAdventurer the Twirler (Draconian Gladiator) Turns: 369, Time: 00:01:36

Health: -1/25      AC:  4    Str: 16    XL:     2   Next: 34%
Magic:  2/2        EV: 12    Int:  8    God:
Gold:   37         SH:  0    Dex: 12    Spells: 1/1 levels left

rFire   . . .        a - +0 quarterstaff
rCold   . . .        (shield currently unavailable)
rNeg    . . .        (body armour unavailable)
rPois   .            b - +0 hat
rElec   .            (no cloak)
rCorr   .            (no gloves)
SInv    .            (no boots)
Will    .....        (no amulet)
Stlth   +            (no ring)
HPRegen 0.24/turn    (no ring)
MPRegen 0.08/turn

%: no passive effects
@: no status effects
A: AC +4, unfitting armour, cold-blooded
a: no special abilities


You were on level 2 of the Dungeon.
You visited 1 branch of the dungeon, and saw 2 of its levels.

You collected 37 gold pieces.

Inventory:

Hand Weapons
 a - a +0 quarterstaff (weapon)
 e - a +0 sling
Missiles
 c - 3 throwing nets
Armour
 b - a +0 hat (worn)


   Skills:
 * Level 2.4 Fighting
 * Level 3.2 Staves
 * Level 0.2 Ranged Weapons
 * Level 1.8 Throwing
 * Level 2.9 Dodging
 * Level 0.2 Stealth
 * Level 0.1 Spellcasting


You had one spell level left.
You didn't know any spells.
Your spell library was empty.

Dungeon Overview and Level Annotations

Branches:
Dungeon (2/15)

Altars:

Annotations:
D:2 Sigmund


Innate Abilities, Weirdness & Mutations

Your plain brown scales are hard. (AC +4)
You cannot fit into any form of body armour.
You are cold-blooded and may be slowed by cold attacks.


Message History

The kobold throws a stone.
The stone completely misses you.
The frilled lizard hisses angrily.
The ball python attacks as it pursues you!
The ball python bites you but does no damage.
The ball python grabs you. The ball python constricts you.
You escape the ball python's grasp.
You barely miss the ball python. The ball python bites you.
The ball python closely misses you.
You sock the ball python!
You kill the ball python!
The kobold throws a stone.
The stone hits you.
You see here a ball python corpse.
You sock the kobold!
You kill the kobold!
You closely miss the frilled lizard.
Your tail-slap misses the frilled lizard.
The frilled lizard closely misses you.
Sigmund gestures wildly while chanting.
Sigmund flickers and vanishes!
Deactivating autopickup; reactivate with Ctrl-A.
You sock the frilled lizard!
You kill the frilled lizard!
Something hits you!
Items here: ( ) ††.
You closely miss something. Something hits you.
You aren't carrying any potions.
Unknown command.
The air fills with toxic fumes!
As you read the scroll labelled WAAPED QUORI, it crumbles to dust.
It was a scroll of poison.
Something hits you!
* * * LOW HITPOINT WARNING * * *
Unknown command.
You aren't carrying any potions.
Okay, then.
You aren't carrying any potions.
You aren't carrying any scrolls.
Okay, then.
A magic dart appears from out of thin air!
The magic dart hits you.
You die...

#..#.........
##§§§§§....
#.§§§§§.#
#§§§§# ...
#§§§## ..
####§§# .#
##...§{# #.#
#.....##§#
..#
#..##..#@##
.######
.....#§§#§##
.......
#§§#§#§§#
.######.#
##.§§.§##
.###....#
###§.##
.....# #§.#
#.#### ###§.#
#....# #.§§.#
####.##
#.#[.#


There were no monsters in sight!

Vanquished Creatures
  2 bats
  An endoplasm (D:2)
  2 hobgoblins (D:1)
  3 kobolds
  2 quokkas (D:1)
  A ball python (D:2)
  A frilled lizard (D:2)
  3 rats
15 creatures vanquished.

Notes
Turn   | Place    | Note
-------+----------+-------------------------------------------
     0 | D:1      | NamelessAdventurer the Draconian Gladiator began the quest
                  | for the Orb.
     0 | D:1      | Reached XP level 1. HP: 17/17 MP: 1/1
   256 | D:1      | Reached XP level 2. HP: 22/25 MP: 2/2
   351 | D:2      | Noticed Sigmund
   369 | D:2      | Killed from afar by Sigmund

Illustrated notes

Levels and vault maps discovered:
D:1:      minmay_arrival_three_doors, layout_basic
D:2:      kennysheep_six_static_rooms, layout_rooms, uniq_jessica, uniq_sigmund,
          uniq_crazy_yiuf_cottage

Action                     || total
---------------------------++-------
  Melee: Quarterstaff      ||    35
         Tailslap          ||     3
  Throw: Javelin           ||     4
    Use: Scroll            ||     1
 Armour: Skin              ||    29
  Dodge: Dodged            ||    27
